 Dungeon Crawl Stone Soup version 0.29-a0-721-g7f417c9bbb (webtiles) character file.

Game seed: 9100447177662625584

384 bande the Covered (level 6, -1/38 HPs)
             Began as a Gargoyle Fighter on June 28, 2022.
             Was a Follower of Okawaru.
             Slain by a gnoll
             ... wielding a +0 whip
              (6 damage)
             ... on level 4 of the Dungeon.
             The game lasted 00:06:13 (3704 turns).

bande the Covered (Gargoyle Fighter)                Turns: 3704, Time: 00:06:14

Health: -1/38      AC:  8    Str: 19    XL:     6   Next: 77%
Magic:  7/7        EV:  9    Int:  9    God:    Okawaru [*.....]
Gold:   236        SH:  5    Dex: 11    Spells: 5/5 levels left

rFire   . . .      SeeInvis .   i - +3 broad axe (vorpal)
rCold   . . .      Faith    .   c - +1 buckler
rNeg    + . .      Spirit   .   b - +0 scale mail
rPois   ∞          Reflect  .   n - +0 helmet
rElec   +          Harm     .   (no cloak)
rCorr   .          Rampage  .   (no gloves)
Will    .....                   (no boots)
Stlth   ..........              (no amulet)
HPRegen 0.12/turn               (no ring)
MPRegen 0.10/turn               (no ring)

@: corroded
A: sickness immunity, AC +4, negative energy resistance 1, electricity
resistance, torment resistance 1, petrification resistance
a: Renounce Religion, Heroism


You were on level 4 of the Dungeon.
You worshipped Okawaru.
Okawaru was aware of your devotion.
You visited 1 branch of the dungeon, and saw 4 of its levels.

You collected 236 gold pieces.

Inventory:

Hand Weapons
 a - a +0 war axe
 i - a +3 vorpal broad axe (weapon)
 j - a +0 flail
 m - the +7 sling "Murirgh" {vorpal, rF+++ rC- Will+ rCorr}
   (You found it on level 3 of the Dungeon)

   Any ammunition fired from it inflicts extra damage upon your enemies.
   rF:        It renders you almost immune to fire.
   rC:        It makes you vulnerable to cold.
   rCorr:     It protects you from acid and corrosion.
   Will:      It increases your willpower.
Armour
 b - a +0 scale mail (worn)
 c - a +1 buckler (worn)
 n - a +0 helmet (worn)
Potions
 d - a potion of might
 e - a potion of berserk rage {unknown}
 f - a potion of degeneration {unknown}
 g - 2 potions of lignification {unknown}
 h - a potion of heal wounds {unknown}
 k - 5 potions of curing
 l - a potion of mutation {unknown}


   Skills:
 + Level 4.2 Fighting
 + Level 4.2 Axes
 + Level 4.4 Armour
 + Level 4.1 Shields
 * Level 2.6 Invocations


You had 5 spell levels left.
You didn't know any spells.
Your spell library contained the following spells:

 Spells                   Type           Power      Damage    Failure   Level
 Spider Form              Tmut/Pois      0%         N/A       99%         3
 Irradiate                Conj/Tmut      0%         3d13      100%        5
 Eringya's Noxious Bog    Tmut/Pois      0%         N/A       100%        6


Dungeon Overview and Level Annotations

Branches:
Dungeon (4/15)
 Temple: D:4-7

Altars:
Okawaru

Shops:
D:1 =   D:4 :


Innate Abilities, Weirdness & Mutations

You are immune to sickness and miasma.
Your stone body is resilient. (AC +4)
You are immune to poison.
You resist negative energy. (rN+)
You are resistant to electric shocks. (rElec)
You are resistant to unholy torment.
You are immune to petrification.


Message History

There is an entrance to Ferrahiof's Book Emporium here.
A gnoll comes into view. It is wielding a +0 club.
The gnoll shouts!
You hear a shout!
A gnoll comes into view.
It is wielding a +0 whip. 2 gnolls come into view.
The gnoll shouts! x2
A jelly comes into view.
The jelly quivers.
The jelly moves out of view.
The gnoll hits you but does no damage. The gnoll hits you with a +0 club.
You slice the gnoll!!
You kill the gnoll!
Okawaru accepts your kill.
You barely miss the gnoll. The gnoll hits you but does no damage.
The gnoll hits you with a +0 whip. You block the gnoll's attack.
You hit the gnoll.
The gnoll is lightly wounded.
You slash the gnoll! You block the gnoll's attack.
The gnoll hits you with a +0 whip.
You slash the gnoll!
The gnoll is almost dead.
You hit the gnoll.
You kill the gnoll!
Okawaru accepts your kill.
The gnoll hits you from afar with a +0 halberd.
You block the gnoll's attack. The gnoll hits you with a +0 whip.
The jelly hits you but does no damage. You block the gnoll's attack.
You closely miss the gnoll.
The gnoll is almost dead.
You barely miss the jelly. The jelly hits you but does no damage.
The gnoll completely misses you. The gnoll hits you with a +0 whip.
Unknown command.
You barely miss the gnoll.
The gnoll is almost dead.
You slash the jelly!
Your hands burn!
The jelly hits you. The acid corrodes you!
You are splashed with acid!
* * * LOW HITPOINT WARNING * * *
The gnoll barely misses you. x2; You block the jelly's attack.
The gnoll hits you with a +0 whip.
You die...

#.# #.# #######
##.#+####.....#
.......∩..###.#
###.........#.#
.........##.#.# .
...#+######.#.#
##... ...
..........####......
...
..#####.#...@g......
... #.#.###J......
..< #.#.# .g.....
#.#.# .#..... #+#+#
.#..... .. ###+ ..
..


You could see a jelly and 2 gnolls.

Vanquished Creatures
  2 ice beasts (D:3)
  An orc priest (D:3)
  An orc wizard (D:3)
  Robin (D:3)
  2 gnolls (D:4)
  An adder (D:3)
  A worm (D:2)
  9 orcs (D:3)
  6 endoplasms
  A giant cockroach (D:1)
  16 goblins
  12 hobgoblins
  7 jackals
  A quokka (D:2)
  6 ball pythons
  5 bats
  5 frilled lizards
  11 kobolds
  5 rats
93 creatures vanquished.

Notes
Turn   | Place    | Note
-------+----------+-------------------------------------------
     0 | D:1      | bande the Gargoyle Fighter began the quest for the Orb.
     0 | D:1      | Reached XP level 1. HP: 14/14 MP: 1/1
    93 | D:1      | Found a faded altar of an unknown god.
   270 | D:1      | Reached XP level 2. HP: 19/19 MP: 2/2
   525 | D:1      | Reached XP level 3. HP: 23/23 MP: 3/3
   530 | D:1      | Found Ufeses's Jewellery Emporium.
  1396 | D:2      | Found an iron altar of Okawaru.
  1402 | D:2      | Became a worshipper of Warmaster Okawaru
  1404 | D:2      | Got the Almanac of Cankerous Arcane Weapons
  1568 | D:2      | Reached XP level 4. HP: 26/29 MP: 4/4
  1859 | D:3      | Identified a scroll of acquirement
  1859 | D:3      | Acquired a +3 vorpal broad axe
  1967 | D:3      | Identified the +7 sling "Murirgh" {vorpal, rF+++ rC- Will+
                  | rCorr}
  1998 | D:3      | Noticed an ice beast
  2009 | D:3      | Killed an ice beast
  2010 | D:3      | Reached skill level 1 in Invocations
  2010 | D:3      | Reached XP level 5. HP: 33/33 MP: 4/6
  2624 | D:3      | Noticed Robin
  2996 | D:3      | Killed Robin
  3036 | D:3      | Noticed an ice beast
  3045 | D:3      | Killed an ice beast
  3045 | D:3      | Reached * piety under Okawaru
  3046 | D:3      | Reached XP level 6. HP: 26/38 MP: 7/7
  3676 | D:4      | Found Ferrahiof's Book Emporium.
  3704 | D:4      | Slain by a gnoll

Illustrated notes

Levels and vault maps discovered:
D:1:      ncdulo_watergridlock, layout_basic, ebering_ecumenical_altar_rust,
          serial_shops, shop, minmay_tetromino_t2
D:2:      layout_basic, basic_altar, minmay_fractal_squares_gapless_5
D:3:      layout_loops_ring, hangedman_decor_riveting, amcnicky_mini_pool_small,
          uniq_robin
D:4:      minmay_octagon_keep, layout_basic, lemuel_crystal_altar,
          cheibrodos_sewer_entry_bend, serial_shops, shop,
          uniq_crazy_yiuf_cottage

Skill      XL: |  1  2  3  4  5 |
---------------+----------------+-----
Axes           | 2 3 4 |  4.2
Armour         | 4 |  4.4
Invocations    | 1 2 |  2.6
Fighting       | 4 |  4.2
Shields        | 4 |  4.1

Action                   |  1- 3 |  4- 6 || total
-------------------------+-------+-------++-------
Melee: War axe           |   109 |    19 ||   128
       Broad axe         |       |   108 ||   108
  Use: Scroll            |     7 |     3 ||    10
Armor: Scale mail        |    57 |    89 ||   146
Dodge: Dodged            |    48 |    79 ||   127
Block: Buckler           |    30 |    39 ||    69

Table legend: (Time is in decaauts)
 A = Elapsed time spent in this place.
 B = Non-inter-level travel time spent in this place.
 C = Inter-level travel time spent in this place.
 D = Time resting spent in this place.
 E = Time spent auto-exploring this place.
 F = Levels seen in this place.
 G = Mean time per level.
                   A        B        C        D        E       F      G
               +--------+--------+--------+--------+--------+-----+--------+
         Total |   3809 |   3774 |     35 |    730 |   2233 |   4 |  952.2 |
       Dungeon |   3809 |   3774 |     35 |    730 |   2233 |   4 |  952.2 |
               +--------+--------+--------+--------+--------+-----+--------+

Top non-repeatable levels by time:
     D:3: 1497 daAuts
     D:2: 1158 daAuts
     D:1: 1080 daAuts
     D:4: 73 daAuts
